 Dungeon Crawl Stone Soup version 0.24-a0-520-g8fd06ad (webtiles) character file.

Game seed: 8297190056699107787

138 Spazmo the Magician (level 5, 26/28 HPs)
             Began as a Deep Elf Wizard on July 24, 2019.
             Was a Follower of Vehumet.
             Quit the game on level 3 of the Dungeon.
             The game lasted 00:07:21 (2596 turns).

Spazmo the Magician (Deep Elf Wizard)               Turns: 2596, Time: 00:07:22

Health: 26/28      AC:  6    Str:  4    XL:     5   Next: 1%
Magic:  6/15       EV: 28    Int: 27    God:    Vehumet [*.....]
Gold:   181        SH:  0    Dex: 13    Spells: 5/16 levels left

rFire    . . .     SeeInvis .   l - +3 hand axe (vamp)
rCold    . . .     Gourm    .   (no shield)
rNeg     . . .     Faith    .   a - +0 robe
rPois    .         Spirit   .   o - +1 helmet {Int+3}
rElec    .         Reflect  .   (no cloak)
rCorr    .         Harm     .   (no gloves)
MR       .....                  j - +1 pair of boots
Stlth    ++........             n - amulet of the acrobat
HPRegen  0.09/turn              (no ring)
MPRegen  0.14/turn              (no ring)

@: acrobat
A: no striking features
a: Renounce Religion


You were on level 3 of the Dungeon.
You worshipped Vehumet.
Vehumet was aware of your devotion.
You were not hungry.

You visited 1 branch of the dungeon, and saw 3 of its levels.

You collected 181 gold pieces.

Inventory:

Hand Weapons
 l - a +3 vampiric hand axe (weapon)
Missiles
 f - 116 stones (quivered)
Armour
 a - a +0 robe (worn)
 j - a +1 pair of boots (worn)
 o - a +1 helmet of intelligence (worn)
Jewellery
 n - an amulet of the acrobat (around neck)
Scrolls
 b - a scroll of immolation {unknown}
 g - 2 scrolls of magic mapping
 h - a scroll of identify
 i - a scroll of fear
 m - 2 scrolls of teleportation
Potions
 e - a potion of curing
 k - a potion of lignification {unknown}
Comestibles
 c - 3 chunks of flesh
 d - 3 rations


   Skills:
 - Level 2.4 Dodging
 - Level 2.4 Stealth
 + Level 6.3 Spellcasting
 + Level 3.8 Conjurations
 - Level 1.1 Summonings
 - Level 1.1 Translocations


You had 5 spell levels left.
You knew the following spells:

 Your Spells              Type           Power        Failure   Level  Hunger
a - Magic Dart            Conj           ####         1%          1    None
b - Blink                 Tloc           N/A          6%          2    None
c - Call Imp              Summ           ##......     6%          2    None
d - Mephitic Cloud        Conj/Pois/Air  ###.....     11%         3    None
e - Conjure Flame         Conj/Fire      ###.....     9%          3    None

Your spell library contained the following spells:

 Spells                   Type           Power        Failure   Level  Hunger
 Shock                    Conj/Air       ###.         2%          1    None
 Slow                     Hex            #.......     10%         2    None


Dungeon Overview and Level Annotations

Branches:
Dungeon (3/15)

Altars:
Trog
Vehumet


Message History

Aiming: Magic Dart (safe; 1% risk of failure)
Press: ? - help, Shift-Dir - straight line, f/p - hobgoblin
Aim: a hobgoblin (lightly wounded)
The magic dart hits the hobgoblin.
The hobgoblin is heavily wounded.
The hobgoblin hits you.
Casting: Magic Dart (safe; 1% risk of failure)
Confirm with . or Enter, or press ? or * to list all spells.
Aiming: Magic Dart (safe; 1% risk of failure)
Press: ? - help, Shift-Dir - straight line, f/p - hobgoblin
Aim: a hobgoblin (heavily wounded)
The magic dart hits the hobgoblin.
You kill the hobgoblin!
Vehumet accepts your kill.
Casting: Magic Dart (safe; 1% risk of failure)
Confirm with . or Enter, or press ? or * to list all spells.
You can't see any susceptible monsters within range! (Use Z to cast anyway.)
Things that are here:
a +0 club; a hobgoblin corpse x2
Are you sure you want to abandon this character and quit the game? (Confirm with "yes".)

# # # ######
#############.....
#.................
#@###########.....
#.# #..... #..
###### #.#. #
#>... ### ##


There were no monsters in sight!

Vanquished Creatures
  5 adders
  An ooze (D:3)
  An adder skeleton (D:3)
  3 worms (D:2)
  6 dart slugs
  A leopard gecko (D:2)
  4 orcs (D:3)
  5 giant cockroaches
  6 goblins
  7 hobgoblins
  2 jackals (D:2)
  A ball python (D:2)
  5 bats
  5 frilled lizards
  6 kobolds
  7 rats
65 creatures vanquished.

Notes
Turn   | Place    | Note
-------+----------+-------------------------------------------
     0 | D:1      | Spazmo the Deep Elf Wizard began the quest for the Orb.
     0 | D:1      | Reached XP level 1. HP: 10/10 MP: 7/7
   300 | D:1      | Noticed a polar bear
   300 | D:1      | Noticed a komodo dragon
   300 | D:1      | Noticed a hog
   353 | D:1      | Reached XP level 2. HP: 8/15 MP: 0/9
   455 | D:1      | Learned a level 2 spell: Blink
   458 | D:1      | Learned a level 2 spell: Call Imp
   612 | D:1      | Reached skill level 5 in Spellcasting
  1118 | D:2      | Reached XP level 3. HP: 19/19 MP: 5/11
  1123 | D:2      | Learned a level 3 spell: Mephitic Cloud
  1507 | D:2      | Found a radiant altar of Vehumet.
  1524 | D:2      | Became a worshipper of Vehumet
  1625 | D:2      | Noticed a moth of wrath
  1628 | D:2      | Found a bloodstained altar of Trog.
  1681 | D:2      | Reached XP level 4. HP: 24/24 MP: 7/13
  1696 | D:2      | Learned a level 3 spell: Conjure Flame
  2324 | D:3      | Reached skill level 6 in Spellcasting
  2590 | D:3      | Reached * piety under Vehumet
  2590 | D:3      | Offered knowledge of Shock by Vehumet.
  2590 | D:3      | Reached XP level 5. HP: 28/28 MP: 9/15
  2596 | D:3      | Quit the game

Levels and vault maps discovered:
D:1:      onia_arrival_zoo_common, layout_loops_ring,
          wander_ebering_terrifying_dragon_lair
D:2:      layout_basic, fiery_altar_vehumet, tgw_trog, chequers_jeans
D:3:      layout_basic, grunt_decor_mini_mirrors, uniq_crazy_yiuf_cottage

Skill      XL: |  1  2  3  4 |
---------------+-------------+-----
Conjurations   | 2 3 |  3.8
Spellcasting   | 5 6 |  6.3
Dodging        | |  2.4
Stealth        | |  2.4
Summonings     | |  1.1
Translocations | |  1.1

Action                   |  1- 3 |  4- 6 || total
-------------------------+-------+-------++-------
 Cast: Magic Dart        |    93 |    73 ||   166
  Use: Scroll            |     4 |     3 ||     7
       Potion            |     1 |       ||     1
  Eat: Chunk             |     2 |     3 ||     5
Armor: Robe              |     1 |     7 ||     8
Dodge: Dodged            |     3 |    15 ||    18

Table legend:
 A = Non-vault XP
 B = Vault XP
 C = Vault XP percentage of total XP
 D = Non-vault monster count
 E = Vault monster count
 F = Vault count percentage of total count
                 A         B        C        D         E       F
            +---------+---------+-------+---------+---------+-------
      Total |     180 |      18 |   9.1 |      59 |       6 |   9.2
            +---------+---------+-------+---------+---------+-------
        D:1 |      27 |       1 |   3.6 |      14 |       1 |   6.7
        D:2 |      84 |      17 |  16.8 |      26 |       5 |  16.1
        D:3 |      69 |       0 |   0.0 |      19 |       0 |   0.0
            +---------+---------+-------+---------+---------+-------
